cohdb
Replays
Latest Replays
All Replays
Popular Replays
Top Player Replays
Match Explorer
How It Works
Community
CoH3 Stats
Reddit
Sign in to upload your games and track your stats! →
Sign in with Steam
Match 42623782
Unlisted
Match 42623782
Overview
Messages
Build Orders
End
Vickers Machine Gun Team
Construct Section Command Post
Selects Canadian Shock Battlegroup
Dingo Light Scout Car
Infantry Section
Infantry Section
Construct Platoon Command Post
Humber Armored Car
Selects Attacking Spirit
Selects Canadian Shock Section
Canadian Shock Section
6-pounder Anti-tank Gun Team
Infantry Section
Construct Field Infirmary
Selects Incendiary Munitions
Selects Pyrotechnics
Infantry Section
Construct Company Command Post
Crusader II Medium Tank
Royal Engineer Section
Crusader II Medium Tank
Crusader II Medium Tank
Infantry Training
Selects Churchill Crocodile Heavy Tank
Selects Smoke Operation
Smoke Operation
Churchill Crocodile Heavy Tank
Agua de Jamaica
Darth Ruiz
Union
The Iron Duck
Alpha_0XVII
CtrlAlt_Delete
0
0
Comments
sign in to comment!
No comments posted yet!